2827 views
Uploaded 2020-04-03 21:30:10
Game version 1.32.3
18:46 long 3on3 ladder game on (8)Battleground_LV
Saved by iggythefisk
2827 views
Uploaded 2020-04-03 21:30:10
Game version 1.32.3
18:46 long 3on3 ladder game on (8)Battleground_LV


62 units @ 6k
/ 0.3k
160 buildings @ 11.2k
/ 5.4k



| Lesser Clarity Potion | 2 | 140 |
| Orb of Corruption | 2 | 750 |
| Boots of Speed | 3 | 750 |
| Staff of Teleportation | 2 | 300 |
| Circlet of Nobility | 2 | 350 |
| Healing Salve | 1 | 100 |
| total: | 12 | 2390g |
| Acolyte | 7 | 525 | / | 0 |
| Ghoul | 8 | 960 | / | 0 |
| Obsidian Statue | 2 | 400 | / | 70 |
| total: | 17 | 1885g | / | 70w |
| Nerubian Tower | 4 | 400 | / | 80 |
| Crypt | 1 | 200 | / | 50 |
| Altar of Darkness | 1 | 180 | / | 50 |
| Ziggurat | 9 | 1350 | / | 450 |
| Necropolis | 1 | 225 | / | 0 |
| Graveyard | 1 | 215 | / | 0 |
| Tomb of Relics | 3 | 390 | / | 90 |
| Slaughterhouse | 1 | 140 | / | 135 |
| Halls of the Dead | 1 | 320 | / | 210 |
| Black Citadel | 1 | 325 | / | 230 |
| total: | 17 | 2700g | / | 775w |
| 0:03 | Acolyte |
| 0:12 | Crypt |
| 0:15 | Altar of Darkness |
| 0:21 | Acolyte |
| 0:34 | Ziggurat |
| 1:13 | Ziggurat |
| 1:14 | Ghoul |
| 1:24 | Ghoul |
| 1:41 | Ghoul |
| 1:54 | Ghoul |
| 2:07 | Nerubian Tower |
| 2:16 | Ghoul |
| 2:25 | Death Coil |
| 2:35 | Ghoul |
| 2:51 | Ghoul |
| 3:18 | Ghoul |
| 3:37 | Unholy Aura |
| 4:00 | Boots of Speed |
| 4:01 | Staff of Teleportation |
| 4:24 | Necropolis |
| 5:46 | Halls of the Dead |
| 6:21 | Acolyte |
| 6:21 | Acolyte |
| 6:22 | Acolyte |
| 6:25 | Acolyte |
| 6:53 | Ziggurat |
| 7:06 | Ziggurat |
| 7:39 | Death Coil |
| 7:47 | Nerubian Tower |
| 8:10 | Black Citadel |
| 8:13 | Graveyard |
| 8:16 | Acolyte |
| 8:53 | Ziggurat |
| 8:55 | Ziggurat |
| 9:52 | Frost Nova |
| 10:14 | Tomb of Relics |
| 10:15 | Tomb of Relics |
| 10:15 | Tomb of Relics |
| 10:18 | Slaughterhouse |
| 10:23 | Boots of Speed |
| 10:24 | Circlet of Nobility |
| 10:36 | Nerubian Tower |
| 10:40 | Healing Salve |
| 10:40 | Lesser Clarity Potion |
| 10:45 | Lesser Clarity Potion |
| 11:40 | Obsidian Statue |
| 11:41 | Obsidian Statue |
| 11:55 | Ziggurat |
| 12:00 | Ziggurat |
| 12:44 | Carrion Swarm |
| 12:49 | Orb of Corruption |
| 12:49 | Orb of Corruption |
| 13:26 | Frost Armor |
| 14:40 | Unholy Aura |
| 14:46 | Vampiric Aura |
| 14:55 | Staff of Teleportation |
| 14:57 | Boots of Speed |
| 14:57 | Circlet of Nobility |
| 16:10 | Ziggurat |
| 18:25 | Nerubian Tower |
| Right click | 1530 |
| Select group | 1089 |
| Select | 158 |
| Resource trade | 74 |
| Use ability | 62 |
| Chat | 62 |
| Build/train/purchase | 54 |
| Misc. action | 20 |
| Assign group | 15 |
| Minimap ping | 7 |
| Item give/drop | 3 |


| Lesser Clarity Potion | 4 | 280 |
| Healing Salve | 6 | 600 |
| Orb of Lightning | 2 | 750 |
| Boots of Speed | 2 | 500 |
| Staff of Teleportation | 1 | 150 |
| total: | 15 | 2280g |
| Peon | 11 | 825 | / | 0 |
| Raider | 7 | 1260 | / | 280 |
| total: | 18 | 2085g | / | 280w |
| Watch Tower | 15 | 1650 | / | 1200 |
| Altar of Storms | 1 | 180 | / | 50 |
| Orc Burrow | 4 | 640 | / | 160 |
| War Mill | 1 | 205 | / | 0 |
| Voodoo Lounge | 3 | 390 | / | 90 |
| Beastiary | 2 | 290 | / | 280 |
| Stronghold | 1 | 315 | / | 190 |
| Fortress | 1 | 325 | / | 190 |
| total: | 26 | 3355g | / | 1780w |
| 0:01 | Peon |
| 0:03 | Altar of Storms |
| 0:05 | Peon |
| 0:18 | Orc Burrow |
| 0:19 | Peon |
| 0:41 | War Mill |
| 0:48 | Peon |
| 1:05 | Voodoo Lounge |
| 1:08 | Peon |
| 1:18 | Peon |
| 1:28 | Peon |
| 1:41 | Peon |
| 1:51 | Peon |
| 1:56 | Watch Tower |
| 2:10 | Wind Walk |
| 2:12 | Watch Tower |
| 2:19 | Peon |
| 2:48 | Lesser Clarity Potion |
| 2:48 | Lesser Clarity Potion |
| 2:48 | Healing Salve |
| 2:48 | Healing Salve |
| 3:00 | Stronghold |
| 3:11 | Watch Tower |
| 3:21 | Spiked Barricades |
| 3:21 | Improved Spiked Barricades |
| 3:50 | Watch Tower |
| 4:17 | Boots of Speed |
| 4:25 | Watch Tower |
| 4:31 | Orc Burrow |
| 4:47 | Critical Strike |
| 4:56 | Watch Tower |
| 5:25 | Watch Tower |
| 5:38 | Fortress |
| 6:18 | Watch Tower |
| 6:38 | Beastiary |
| 6:56 | War Stomp |
| 7:31 | Watch Tower |
| 7:50 | Beastiary |
| 8:17 | Reinforced Defenses |
| 8:29 | Voodoo Lounge |
| 8:32 | Voodoo Lounge |
| 8:35 | Watch Tower |
| 8:36 | Orb of Lightning |
| 8:37 | Healing Salve |
| 8:37 | Healing Salve |
| 8:54 | Orc Burrow |
| 8:58 | Ensnare |
| 9:33 | Raider |
| 9:48 | Staff of Teleportation |
| 9:59 | Pillage |
| 10:22 | Boots of Speed |
| 10:40 | Raider |
| 10:59 | Watch Tower |
| 11:02 | Watch Tower |
| 11:34 | Endurance Aura |
| 11:50 | Orc Burrow |
| 11:51 | Raider |
| 12:03 | Raider |
| 12:15 | Wind Walk |
| 12:20 | Steel Melee Weapons |
| 13:06 | Peon |
| 13:42 | Raider |
| 14:07 | War Stomp |
| 14:25 | Thorium Melee Weapons |
| 14:52 | Raider |
| 15:31 | Raider |
| 16:03 | Healing Salve |
| 16:04 | Lesser Clarity Potion |
| 16:21 | Watch Tower |
| 16:30 | Watch Tower |
| 16:51 | Orb of Lightning |
| 16:53 | Healing Salve |
| 17:03 | Lesser Clarity Potion |
| 17:21 | Watch Tower |
| 18:17 | Critical Strike |
| Right click | 1144 |
| Assign group | 446 |
| Select group | 394 |
| Select | 224 |
| Build/train/purchase | 105 |
| Use ability | 52 |
| Misc. action | 8 |
| Item give/drop | 7 |
| Remove unit | 1 |
| Minimap ping | 1 |



| Staff of Sanctuary | 2 | 500 |
| Staff of Teleportation | 2 | 300 |
| Boots of Speed | 1 | 250 |
| Healing Salve | 3 | 300 |
| Orb of Corruption | 2 | 750 |
| total: | 10 | 2100g |
| Peasant | 27 | 2025 | / | 0 |
| total: | 27 | 2025g | / | 0w |
| Scout Tower | 104 | 3120 | / | 2080 |
| Arcane Tower | 2 | 140 | / | 100 |
| Guard Tower | 48 | 3360 | / | 2400 |
| Altar of Kings | 1 | 180 | / | 50 |
| Farm | 5 | 400 | / | 100 |
| Lumber Mill | 1 | 120 | / | 0 |
| Town Hall | 2 | 770 | / | 410 |
| Arcane Vault | 3 | 390 | / | 90 |
| Arcane Sanctum | 1 | 150 | / | 140 |
| Keep | 1 | 320 | / | 210 |
| Castle | 1 | 360 | / | 210 |
| total: | 117 | 5130g | / | 2870w |
| 0:01 | Peasant |
| 0:05 | Altar of Kings |
| 0:09 | Peasant |
| 0:18 | Farm |
| 0:20 | Peasant |
| 0:35 | Lumber Mill |
| 0:40 | Peasant |
| 0:52 | Scout Tower |
| 0:55 | Peasant |
| 1:06 | Peasant |
| 1:10 | Farm |
| 1:15 | Scout Tower |
| 1:21 | Peasant |
| 1:28 | Arcane Tower |
| 1:30 | Peasant |
| 1:34 | Scout Tower |
| 2:03 | Peasant |
| 2:08 | Scout Tower |
| 2:09 | Arcane Tower |
| 2:13 | Blizzard |
| 2:21 | Peasant |
| 2:22 | Peasant |
| 2:26 | Scout Tower |
| 2:28 | Scout Tower |
| 2:30 | Guard Tower |
| 2:31 | Scout Tower |
| 2:34 | Scout Tower |
| 2:48 | Guard Tower |
| 2:49 | Scout Tower |
| 2:58 | Guard Tower |
| 3:00 | Scout Tower |
| 3:01 | Scout Tower |
| 3:02 | Scout Tower |
| 3:05 | Guard Tower |
| 3:06 | Peasant |
| 3:08 | Peasant |
| 3:09 | Farm |
| 3:21 | Guard Tower |
| 3:31 | Guard Tower |
| 3:32 | Scout Tower |
| 3:32 | Scout Tower |
| 3:32 | Scout Tower |
| 3:33 | Scout Tower |
| 3:35 | Peasant |
| 3:35 | Peasant |
| 3:37 | Guard Tower |
| 3:58 | Staff of Teleportation |
| 4:06 | Healing Salve |
| 4:15 | Peasant |
| 4:16 | Peasant |
| 4:19 | Guard Tower |
| 4:25 | Guard Tower |
| 4:58 | Scout Tower |
| 4:59 | Scout Tower |
| 5:03 | Scout Tower |
| 5:04 | Scout Tower |
| 5:04 | Scout Tower |
| 5:05 | Scout Tower |
| 5:05 | Peasant |
| 5:06 | Peasant |
| 6:05 | Keep |
| 6:06 | Guard Tower |
| 6:12 | Town Hall |
| 6:15 | Scout Tower |
| 6:15 | Scout Tower |
| 6:16 | Scout Tower |
| 6:17 | Scout Tower |
| 6:27 | Improved Masonry |
| 6:33 | Brilliance Aura |
| 6:39 | Guard Tower |
| 7:03 | Scout Tower |
| 7:13 | Scout Tower |
| 7:34 | Scout Tower |
| 7:35 | Scout Tower |
| 7:47 | Guard Tower |
| 7:48 | Scout Tower |
| 7:48 | Scout Tower |
| 7:59 | Scout Tower |
| 8:00 | Scout Tower |
| 8:00 | Scout Tower |
| 8:04 | Guard Tower |
| 8:13 | Scout Tower |
| 8:13 | Scout Tower |
| 8:14 | Scout Tower |
| 8:14 | Scout Tower |
| 8:19 | Scout Tower |
| 8:21 | Scout Tower |
| 8:21 | Scout Tower |
| 8:29 | Guard Tower |
| 8:35 | Farm |
| 8:36 | Farm |
| 8:40 | Guard Tower |
| 8:43 | Town Hall |
| 9:22 | Guard Tower |
| 9:31 | Storm Bolt |
| 10:01 | Guard Tower |
| 10:28 | Scout Tower |
| 10:29 | Scout Tower |
| 10:33 | Castle |
| 10:35 | Arcane Sanctum |
| 10:43 | Peasant |
| 10:43 | Peasant |
| 10:46 | Scout Tower |
| 10:47 | Scout Tower |
| 10:47 | Scout Tower |
| 10:49 | Scout Tower |
| 10:50 | Scout Tower |
| 11:07 | Scout Tower |
| 11:07 | Scout Tower |
| 11:08 | Scout Tower |
| 11:25 | Guard Tower |
| 11:26 | Peasant |
| 11:26 | Peasant |
| 11:29 | Advanced Masonry |
| 11:30 | Improved Lumber Harvesting |
| 11:59 | Guard Tower |
| 12:00 | Guard Tower |
| 12:02 | Scout Tower |
| 12:03 | Scout Tower |
| 12:03 | Scout Tower |
| 12:27 | Blizzard |
| 12:31 | Staff of Teleportation |
| 12:32 | Boots of Speed |
| 13:04 | Healing Salve |
| 13:07 | Healing Salve |
| 13:41 | Scout Tower |
| 13:42 | Scout Tower |
| 13:44 | Scout Tower |
| 13:49 | Guard Tower |
| 13:51 | Scout Tower |
| 13:51 | Scout Tower |
| 13:52 | Scout Tower |
| 13:53 | Scout Tower |
| 13:54 | Scout Tower |
| 13:55 | Scout Tower |
| 14:07 | Scout Tower |
| 14:07 | Scout Tower |
| 14:08 | Scout Tower |
| 14:09 | Guard Tower |
| 14:09 | Guard Tower |
| 14:26 | Guard Tower |
| 14:29 | Scout Tower |
| 14:35 | Bash |
| 14:38 | Guard Tower |
| 14:41 | Scout Tower |
| 14:41 | Scout Tower |
| 14:42 | Scout Tower |
| 14:43 | Scout Tower |
| 14:48 | Guard Tower |
| 14:51 | Magic Sentry |
| 14:53 | Imbued Masonry |
| 14:55 | Scout Tower |
| 14:57 | Scout Tower |
| 14:57 | Scout Tower |
| 14:58 | Guard Tower |
| 14:59 | Guard Tower |
| 15:02 | Scout Tower |
| 15:03 | Scout Tower |
| 15:03 | Scout Tower |
| 15:04 | Scout Tower |
| 15:05 | Scout Tower |
| 15:07 | Peasant |
| 15:07 | Peasant |
| 15:08 | Peasant |
| 15:11 | Orb of Corruption |
| 15:12 | Orb of Corruption |
| 15:25 | Guard Tower |
| 15:26 | Guard Tower |
| 15:27 | Guard Tower |
| 15:29 | Scout Tower |
| 15:29 | Scout Tower |
| 15:30 | Scout Tower |
| 15:31 | Scout Tower |
| 15:32 | Scout Tower |
| 15:32 | Scout Tower |
| 15:35 | Peasant |
| 15:36 | Scout Tower |
| 15:36 | Scout Tower |
| 15:37 | Scout Tower |
| 15:48 | Holy Light |
| 16:02 | Arcane Vault |
| 16:04 | Arcane Vault |
| 16:18 | Guard Tower |
| 16:20 | Guard Tower |
| 16:22 | Scout Tower |
| 16:23 | Scout Tower |
| 17:22 | Brilliance Aura |
| 17:44 | Guard Tower |
| 17:45 | Scout Tower |
| 17:46 | Scout Tower |
| 17:47 | Scout Tower |
| 17:57 | Scout Tower |
| 17:57 | Scout Tower |
| 17:59 | Scout Tower |
| 18:00 | Scout Tower |
| 18:06 | Staff of Sanctuary |
| 18:11 | Staff of Sanctuary |
| 18:16 | Storm Bolt |
| 18:24 | Guard Tower |
| 18:30 | Guard Tower |
| 18:35 | Arcane Vault |
| 18:36 | Guard Tower |
| 18:38 | Scout Tower |
| 18:39 | Scout Tower |
| 18:40 | Scout Tower |
| 18:41 | Scout Tower |
| 18:42 | Scout Tower |
| 18:44 | Scout Tower |
| Right click | 918 |
| Select | 602 |
| Select group | 214 |
| Build/train/purchase | 145 |
| Assign group | 128 |
| Use ability | 44 |
| Misc. action | 14 |
| Minimap ping | 9 |
| Item give/drop | 1 |
117 units @ 17.1k
/ 1.5k
48 buildings @ 8.2k
/ 3.4k
| Peon | 9 | 675 | / | 0 |
| Grunt | 3 | 600 | / | 0 |
| total: | 12 | 1275g | / | 0w |
| Orc Burrow | 5 | 800 | / | 200 |
| Barracks | 1 | 180 | / | 50 |
| Altar of Storms | 1 | 180 | / | 50 |
| Voodoo Lounge | 1 | 130 | / | 30 |
| total: | 8 | 1290g | / | 330w |
| 0:16 | Orc Burrow |
| 0:20 | Peon |
| 0:28 | Barracks |
| 0:31 | Peon |
| 0:40 | Peon |
| 0:50 | Peon |
| 1:17 | Altar of Storms |
| 1:22 | Peon |
| 1:41 | Voodoo Lounge |
| 1:44 | Peon |
| 1:59 | Peon |
| 2:00 | Grunt |
| 2:15 | Peon |
| 2:36 | Grunt |
| 3:05 | Orc Burrow |
| 3:41 | Grunt |
| 3:52 | Peon |
| 4:05 | Orc Burrow |
| 4:25 | Orc Burrow |
| 4:58 | Orc Burrow |
| Select | 70 |
| Right click | 34 |
| Build/train/purchase | 15 |


| Healing Salve | 1 | 100 |
| total: | 1 | 100g |
| Peon | 23 | 1725 | / | 0 |
| Grunt | 13 | 2600 | / | 0 |
| Demolisher | 5 | 1100 | / | 250 |
| Troll Batrider | 10 | 1600 | / | 400 |
| Kodo Beast | 1 | 255 | / | 60 |
| Tauren | 1 | 280 | / | 80 |
| Wind Rider | 2 | 530 | / | 80 |
| Troll Headhunter | 1 | 140 | / | 20 |
| Forest Troll Berserker | 2 | 490 | / | 60 |
| Forest Troll Shadow Priest | 2 | 390 | / | 20 |
| total: | 60 | 9110g | / | 970w |
| Watch Tower | 4 | 440 | / | 320 |
| Altar of Storms | 1 | 180 | / | 50 |
| Orc Burrow | 6 | 960 | / | 240 |
| Barracks | 2 | 360 | / | 100 |
| Voodoo Lounge | 1 | 130 | / | 30 |
| Great Hall | 1 | 385 | / | 185 |
| War Mill | 1 | 205 | / | 0 |
| Beastiary | 4 | 580 | / | 560 |
| Tauren Totem | 1 | 135 | / | 155 |
| Stronghold | 1 | 315 | / | 190 |
| Fortress | 1 | 325 | / | 190 |
| total: | 21 | 3375g | / | 1640w |
| 0:04 | Peon |
| 0:04 | Peon |
| 0:07 | Altar of Storms |
| 0:12 | Peon |
| 0:20 | Orc Burrow |
| 0:35 | Peon |
| 0:51 | Barracks |
| 1:01 | Peon |
| 1:19 | Peon |
| 1:31 | Peon |
| 1:33 | Orc Burrow |
| 1:58 | Grunt |
| 2:22 | Grunt |
| 2:29 | Voodoo Lounge |
| 2:33 | Serpent Ward |
| 2:43 | Grunt |
| 2:49 | Barracks |
| 3:15 | Grunt |
| 3:19 | Orc Burrow |
| 3:40 | Grunt |
| 4:13 | Grunt |
| 4:14 | Grunt |
| 4:54 | Healing Wave |
| 5:26 | Great Hall |
| 5:48 | Grunt |
| 5:51 | Healing Salve |
| 6:02 | War Mill |
| 6:19 | Grunt |
| 6:42 | Stronghold |
| 7:52 | Grunt |
| 7:54 | Orc Burrow |
| 7:56 | Orc Burrow |
| 7:58 | Steel Ranged Weapons |
| 8:03 | Peon |
| 8:03 | Peon |
| 8:42 | Forest Troll Berserker |
| 8:43 | Forest Troll Shadow Priest |
| 8:51 | Serpent Ward |
| 9:11 | Peon |
| 9:12 | Peon |
| 9:12 | Peon |
| 9:14 | Fortress |
| 9:17 | Demolisher |
| 9:17 | Demolisher |
| 9:44 | Thorium Ranged Weapons |
| 9:59 | Watch Tower |
| 10:01 | Peon |
| 10:01 | Peon |
| 10:01 | Peon |
| 10:13 | Steel Armor |
| 10:23 | Demolisher |
| 10:26 | Healing Wave |
| 10:36 | Watch Tower |
| 10:38 | Watch Tower |
| 10:39 | Watch Tower |
| 10:42 | Peon |
| 11:33 | Demolisher |
| 11:41 | Peon |
| 11:41 | Peon |
| 11:41 | Peon |
| 11:44 | Peon |
| 11:45 | Peon |
| 12:19 | Forest Troll Shadow Priest |
| 12:20 | Forest Troll Berserker |
| 12:32 | Demolisher |
| 13:06 | Beastiary |
| 13:08 | Beastiary |
| 13:28 | Endurance Aura |
| 13:49 | Arcanite Ranged Weapons |
| 13:52 | Beastiary |
| 13:57 | Beastiary |
| 14:18 | Liquid Fire |
| 14:19 | Troll Batrider |
| 14:29 | Peon |
| 14:30 | Peon |
| 14:51 | Troll Batrider |
| 14:51 | Troll Batrider |
| 15:12 | Troll Batrider |
| 15:13 | Troll Batrider |
| 15:23 | Troll Batrider |
| 15:23 | Troll Batrider |
| 15:48 | Tauren Totem |
| 16:16 | Troll Batrider |
| 16:41 | Grunt |
| 16:44 | Troll Batrider |
| 16:44 | Troll Batrider |
| 17:25 | Grunt |
| 17:28 | Kodo Beast |
| 17:41 | Tauren |
| 17:53 | Grunt |
| 17:58 | Wind Rider |
| 17:58 | Wind Rider |
| 18:08 | Troll Headhunter |
| 18:23 | Orc Burrow |
| Select group | 399 |
| Select | 289 |
| Right click | 269 |
| Misc. action | 111 |
| Build/train/purchase | 86 |
| Assign group | 54 |
| Use ability | 35 |
| Minimap ping | 6 |
| Esc | 4 |
| Item give/drop | 2 |
| Remove unit | 1 |


| Healing Salve | 3 | 300 |
| Lesser Clarity Potion | 2 | 140 |
| Scroll of Town Portal | 1 | 350 |
| total: | 6 | 790g |
| Peon | 20 | 1500 | / | 0 |
| Grunt | 10 | 2000 | / | 0 |
| Demolisher | 3 | 660 | / | 150 |
| Wind Rider | 7 | 1855 | / | 280 |
| Shaman | 5 | 650 | / | 100 |
| total: | 45 | 6665g | / | 530w |
| Watch Tower | 1 | 110 | / | 80 |
| Altar of Storms | 1 | 180 | / | 50 |
| Orc Burrow | 6 | 960 | / | 240 |
| Barracks | 2 | 360 | / | 100 |
| Voodoo Lounge | 1 | 130 | / | 30 |
| Great Hall | 2 | 770 | / | 370 |
| War Mill | 2 | 410 | / | 0 |
| Spirit Lodge | 1 | 150 | / | 150 |
| Beastiary | 3 | 435 | / | 420 |
| Stronghold | 2 | 630 | / | 380 |
| Fortress | 2 | 650 | / | 380 |
| total: | 19 | 3505g | / | 1440w |
| 0:04 | Altar of Storms |
| 0:05 | Peon |
| 0:05 | Peon |
| 0:13 | Orc Burrow |
| 0:31 | Peon |
| 0:45 | Peon |
| 0:51 | Barracks |
| 0:55 | Peon |
| 1:19 | Peon |
| 1:25 | Peon |
| 1:33 | Orc Burrow |
| 1:52 | Grunt |
| 1:55 | Voodoo Lounge |
| 2:06 | Serpent Ward |
| 2:14 | Grunt |
| 2:25 | Peon |
| 2:48 | Peon |
| 3:03 | Grunt |
| 3:32 | Grunt |
| 3:50 | Pillage |
| 4:02 | Healing Wave |
| 4:10 | Healing Salve |
| 4:11 | Healing Salve |
| 4:11 | Lesser Clarity Potion |
| 4:23 | Orc Burrow |
| 4:45 | Stronghold |
| 5:17 | Orc Burrow |
| 5:34 | Great Hall |
| 5:39 | Grunt |
| 5:42 | War Mill |
| 5:48 | War Mill |
| 6:00 | Healing Salve |
| 6:00 | Lesser Clarity Potion |
| 6:26 | Grunt |
| 6:36 | Feral Spirit |
| 6:43 | Peon |
| 6:43 | Peon |
| 6:51 | Serpent Ward |
| 7:33 | Fortress |
| 7:50 | Spirit Lodge |
| 7:53 | Stronghold |
| 7:53 | Grunt |
| 7:53 | Grunt |
| 8:27 | Steel Ranged Weapons |
| 8:28 | Barracks |
| 9:32 | Demolisher |
| 9:35 | Peon |
| 9:35 | Peon |
| 9:35 | Peon |
| 9:35 | Peon |
| 10:03 | Grunt |
| 10:04 | Steel Melee Weapons |
| 10:09 | Demolisher |
| 10:11 | Shaman Adept Training |
| 10:13 | Beastiary |
| 10:15 | Beastiary |
| 10:21 | Scroll of Town Portal |
| 10:40 | Grunt |
| 10:41 | Fortress |
| 10:50 | Demolisher |
| 12:13 | Wind Rider |
| 12:14 | Envenomed Spears |
| 12:15 | Orc Burrow |
| 12:16 | Orc Burrow |
| 12:30 | Healing Wave |
| 12:42 | Wind Rider |
| 12:43 | Shaman Master Training |
| 12:45 | Thorium Ranged Weapons |
| 13:33 | Wind Rider |
| 14:34 | Wind Rider |
| 14:52 | Beastiary |
| 14:54 | Shaman |
| 14:54 | Shaman |
| 15:39 | Great Hall |
| 15:40 | Peon |
| 15:41 | Peon |
| 15:41 | Peon |
| 16:31 | Wind Rider |
| 16:31 | Wind Rider |
| 16:32 | Shaman |
| 16:33 | Peon |
| 17:35 | Shaman |
| 17:35 | Shaman |
| 17:36 | Wind Rider |
| 18:14 | Watch Tower |
| 18:16 | Peon |
| Right click | 873 |
| Select | 459 |
| Select group | 202 |
| Misc. action | 191 |
| Build/train/purchase | 88 |
| Use ability | 60 |
| Assign group | 47 |
| Minimap ping | 17 |
| Chat | 12 |
| Esc | 6 |
⇛